 Dungeon Crawl Stone Soup version 0.22-a0-300-g82e80c5 (webtiles) character file.

3012 Firecrotchwizard the Grappler (level 9, -2/49 HPs)
             Began as a Vine Stalker Fighter on Mar 26, 2018.
             Was a Priest of Makhleb.
             Slain by a hornet (6 damage)
             ... while paralysed by a hornet
             ... on level 8 of the Dungeon.
             The game lasted 00:16:14 (6299 turns).

Firecrotchwizard the Grappler (VSFi)                Turns: 6299, Time: 00:16:15

Health: -2/49      AC: 16    Str: 22    XL:     9   Next: 85%
Magic:  0/10       EV:  2    Int:  8    God:    Makhleb [***...]
Gold:   663        SH:  0    Dex: 18    Spells: 8/8 levels left

rFire    . . .     SeeInvis .     - Unarmed
rCold    . . .     Gourm    .   b - +0 shield
rNeg     + . .     Faith    .   A - +2 scale mail of Hide-and-Seek {MR+ Regen+ Dex+4}
rPois    .         Spirit   +   y - +2 helmet
rElec    .         Reflect  .   (no cloak)
rCorr    .         Harm     .   p - +2 pair of gloves
MR       ++...                  (no boots)
Stlth    ..........             (no amulet)
HPRegen  0.96/turn              E - ring of positive energy {rN+}
MPRegen  0.12/turn              B - +2 ring of protection

@: paralysed, lethally poisoned (-2 -> -3), slowed
A: fangs 3, regeneration 1, magic shield, antimagic bite, no potion heal 3, rot
immunity
a: Minor Destruction, Lesser Servant of Makhleb, Renounce Religion


You were on level 8 of the Dungeon.
You worshipped Makhleb.
Makhleb was most pleased with you.
You were not hungry.

You visited 2 branches of the dungeon, and saw 9 of its levels.
You also visited: Ossuary.

You collected 663 gold pieces.

Inventory:

Hand Weapons
 w - a +0 mace of draining
   (You found it on level 7 of the Dungeon)
 K - a +0 dagger of flaming
   (You took it off an orc on level 8 of the Dungeon)
Missiles
 G - a throwing net {=f, !d}
Armour
 b - a +0 shield (worn)
 p - a +2 pair of gloves (worn)
   (You found it on level 2 of the Dungeon)
 y - a +2 helmet (worn)
   (You found it on level 4 of the Dungeon)
 A - the +2 scale mail of Hide-and-Seek (worn) {MR+ Regen+ Dex+4}
   (You found it on level 6 of the Dungeon)

   It affects your dexterity (+4).
   It affects your resistance to hostile enchantments.
   It increases your rate of regeneration.
 H - the cursed +1 chain mail of Incorporation {rElec Dex+4, @e1}
   (You found it on level 7 of the Dungeon)

   It affects your dexterity (+4).
   It insulates you from electricity.
   It has a curse placed upon it.
Magical Staves
 I - an uncursed staff of poison {unknown}
   (You found it on level 7 of the Dungeon)
Jewellery
 a - an uncursed ring of protection from fire {rF+, !d}
   (You found it on level 6 of the Dungeon)
 g - an uncursed ring of flight {+Fly, !d}
   (You found it on level 1 of the Dungeon)
 B - a +2 ring of protection (right hand)
   (You found it on level 6 of the Dungeon)
 D - an uncursed ring of ice {rC+, rF-}
   (You found it on level 6 of the Dungeon)
 E - a ring of positive energy (left hand) {rN+}
   (You took it off an orc wizard on level 6 of the Dungeon)
 L - an uncursed amulet of rage {unknown}
   (You found it on level 8 of the Dungeon)
Wands
 q - a wand of flame (59)
   (You found it on level 7 of the Dungeon)
 F - a wand of random effects (34)
   (You found it on level 6 of the Dungeon)
Scrolls
 e - 3 scrolls of fear
 f - 2 scrolls of enchant weapon
 i - 7 scrolls of identify
 j - 2 scrolls of teleportation
 m - 2 scrolls of immolation {!r}
 o - 3 scrolls of remove curse
 u - 3 scrolls of amnesia
Potions
 c - 3 potions of might
 h - 4 potions of curing
 k - a potion of cancellation {unknown}
 l - 3 potions of resistance {unknown}
 n - a potion of flight {unknown}
 r - 3 potions of degeneration {unknown}
 s - 2 potions of ambrosia {unknown}
 t - 4 potions of mutation {unknown}
 v - a potion of berserk rage {unknown}
 x - 2 potions of agility {unknown}
 z - 3 potions of lignification {unknown}
 C - a potion of heal wounds {unknown}
Comestibles
 d - 18 rations {@e1}
 J - 4 chunks of flesh {@w0}


   Skills:
 + Level 6.7 Fighting
 - Level 2.4 Armour
 + Level 6.6 Shields
 * Level 9.7 Unarmed Combat


You had 8 spell levels left.
You didn't know any spells.

Dungeon Overview and Level Annotations

Branches:
Dungeon (8/15)             Temple (1/1) D:4
   Lair: D:8-11

Altars:
Ashenzari
Cheibriados
Dithmenos
Elyvilon
Fedhas
Gozag
Hepliaklqana
Kikubaaqudgha
Makhleb
Nemelex Xobeh
Qazlal
Sif Muna
Trog
Uskayaw
Vehumet
Wu Jian
Xom
Yredelemnul
Zin
The Shining One

Annotations:
D:2 1 runed door


Innate Abilities, Weirdness & Mutations

You have razor-sharp teeth.
Your natural rate of healing is unusually fast.
When hurt, damage is shared between your health and your magic reserves.
Your bite disrupts and absorbs the magic of your enemies.
Potions cannot restore your health.
You are immune to rotting.


Message History

The orc wizard seems to speed up.
You hit the orc wizard.
The orc wizard hits you but does no damage.
The orc wizard casts a spell at you. The magic dart hits you!
You take 1 damage, and have 48/49 hp.
You hit the orc wizard.
You kill the orc wizard!
Makhleb accepts your kill.
You feel better. You block the orc wizard's attack.
Health restored: 49 You miss the orc wizard.
You block the orc wizard's attack. x2
The orc wizard closely misses you.
You hit the orc wizard but do no damage.
You bite the orc wizard.
The orc wizard's magic leaks into the air.
You drain its magic. The orc wizard barely misses you.
You block the orc wizard's attack.
You punch the orc wizard! You block the orc wizard's attack.
The orc wizard hits you but does no damage.
You punch the orc wizard!
You kill the orc wizard!
Makhleb accepts your kill.
The orc wizard hits you but does no damage.
You punch the orc wizard!
You kill the orc wizard!
Makhleb accepts your kill.
No target in view!
Things that are here:
a dagger; a robe; an orc corpse You butcher the orc corpse.
J - 5 chunks of flesh {@w0} (gained 2)
Things that are here:
a dagger; a robe; an orc skeleton
Things that are here:
a dagger; a robe; an orc skeleton
Things that are here:
a dagger; a robe
Things that are here:
a dagger; a robe A scorpion comes into view.
You barely miss the scorpion.
You bite the scorpion, but do no damage.
You block the scorpion's attack.
You hit the scorpion but do no damage.
You bite the scorpion, but do no damage.
The scorpion stings you but does no damage.
You punch the scorpion! You bite the scorpion. You drain its power.
You block the scorpion's attack.
You barely miss the scorpion.
You bite the scorpion, but do no damage.
The scorpion barely misses you.
You barely miss the scorpion. You bite the scorpion. You drain its power.
You block the scorpion's attack.
You punch the scorpion!
You kill the scorpion!
Makhleb accepts your kill.
No target in view!
You see here a scorpion corpse.
You see here 25 stones.
You see here a leather armour.
You see here a hand axe.
Eating one of 5 chunks of flesh {@w0}.
You eat one of the 5 chunks of flesh {@w0}.
Found a runed chain mail.
You see here a runed chain mail.
A hornet comes into view.
The hornet buzzes angrily.
You see here 11 gold pieces.
The hornet stings you.
You are poisoned.
You feel yourself slow down.
You take 1 damage, and have 48/49 hp.
You barely miss the hornet.
You feel sick. The hornet barely misses you.
The hornet stings you but does no damage.
You take 1 damage, and have 47/49 hp.
You closely miss the hornet. You bite the hornet, but do no damage.
You feel yourself speed up. The hornet stings you!
You feel yourself slow down. You block the hornet's attack.
You take 8 damage, and have 39/49 hp.
You now have 8/10 mp.
You miss the hornet. Your bite misses the hornet.
You feel yourself speed up.
You feel sick. The hornet closely misses you. The hornet stings you!
You feel yourself slow down.
You take 9 damage, and have 30/49 hp.
You now have 7/10 mp.
You punch the hornet! You bite the hornet, but do no damage.
You feel yourself speed up.
You feel sick. The hornet stings you.
You are more poisoned.
You feel yourself slow down. The hornet stings you.
You suddenly lose the ability to move!
You feel sick. The hornet stings you!
You feel as though you will be slow longer.
The hornet stings you!
* * * LOW HITPOINT WARNING * * *
You feel as though you will be slow longer.
You feel sick. The hornet stings you!
You die...

..... #.#
##### #.# #.#
#.# #.# #.#
#y# #@# #$#
#.# ## #.#
..# #.# #.#
#.# #.# #.#
#.# ### #.#
##.########..
#.#
#........##.#


You could see a hornet.

Vanquished Creatures
  A spriggan (D:7)
  Menkaure (D:7)
  2 sky beasts (D:8)
  2 orc warriors
  A black bear (D:8)
  2 ice beasts
  3 ogres
  A centaur (D:8)
  2 bullfrogs
  4 scorpions
  4 wights
  2 howler monkeys (D:6)
  A crimson imp (D:8)
  A quasit (D:8)
  4 hounds
  A jelly (D:8)
  7 orc priests
  A centaur skeleton (D:7)
  10 orc wizards
  3 iguanas
  A worker ant (D:8)
  8 mummies (Ossuary)
  A worker ant zombie (D:5)
  8 adders
  4 shadow imps
  An ooze (D:3)
  An adder skeleton (D:5)
  An adder zombie (D:5)
  2 worms
  A dart slug (D:1)
  6 leopard geckos
  33 orcs
  A giant cockroach (D:3)
  3 gnoll zombies (Ossuary)
  3 hobgoblins
  11 jackals
  4 quokkas
  4 ball pythons
  5 bats
  8 frilled lizards
  7 goblins
  A hobgoblin zombie (Ossuary)
  A jackal skeleton (D:4)
  10 kobolds
  3 kobold zombies (Ossuary)
  A leopard gecko skeleton (D:4)
  An orc zombie (Ossuary)
  A quokka skeleton (D:6)
  7 rats
191 creatures vanquished.

Vanquished Creatures (collateral kills)
  A shadow imp (D:7)
1 creature vanquished.

Grand Total: 192 creatures vanquished

Notes
Turn   | Place    | Note
-------+----------+-------------------------------------------
     0 | D:1      | Firecrotchwizard the Vine Stalker Fighter began the quest for the Orb.
     0 | D:1      | Reached XP level 1. HP: 11/11 MP: 2/2
   211 | D:1      | Reached XP level 2. HP: 15/16 MP: 1/3
   791 | D:1      | Reached skill level 3 in Fighting
   791 | D:1      | Reached XP level 3. HP: 17/20 MP: 4/4
   984 | D:2      | Reached skill level 3 in Shields
  1007 | D:2      | HP: 5/20 [poisoned by an adder]
  1263 | D:2      | Reached skill level 3 in Unarmed Combat
  1310 | D:2      | Found a glowing golden altar of the Shining One.
  1515 | D:2      | Gained mutation: Your natural rate of healing is unusually fast. [Vine Stalker growth]
  1515 | D:2      | Reached XP level 4. HP: 24/24 MP: 5/5
  1529 | D:2      | Found a radiant altar of Vehumet.
  1660 | D:2      | Found a runed door.
  1889 | D:3      | Found a burning altar of Makhleb.
  1890 | D:3      | Found a stormy altar of Qazlal.
  1949 | D:3      | Found a sparkling altar of Nemelex Xobeh.
  1959 | D:3      | Found a basalt altar of Yredelemnul.
  2037 | D:3      | Got a brightly glowing great sword
  2628 | D:4      | Reached skill level 4 in Unarmed Combat
  2628 | D:4      | Reached XP level 5. HP: 28/28 MP: 6/6
  2643 | D:4      | HP: 7/28 [poisoned by a scorpion]
  2761 | D:4      | Found a staircase to the Ecumenical Temple.
  2770 | Temple   | Entered the Ecumenical Temple
  3272 | D:3      | Reached XP level 6. HP: 21/33 MP: 3/7
  3285 | D:3      | Became a worshipper of Makhleb the Destroyer
  3388 | D:4      | Found a glowing silver altar of Zin.
  3655 | D:4      | Found a hazy altar of Hepliaklqana.
  3703 | D:5      | Entered Level 5 of the Dungeon
  3704 | D:5      | Found a deep blue altar of Sif Muna.
  3799 | D:5      | HP: 8/33 [orc priest/divine providence (11)]
  3803 | D:5      | Reached skill level 4 in Fighting
  3803 | D:5      | Reached skill level 4 in Shields
  3803 | D:5      | Reached skill level 5 in Unarmed Combat
  3805 | D:5      | HP: 7/33 [orc priest/nerve-wracking pain (2)]
  3921 | D:5      | Noticed an ice beast
  3934 | D:5      | Killed an ice beast
  3934 | D:5      | Reached XP level 7. HP: 25/37 MP: 5/8
  4022 | D:5      | Reached * piety under Makhleb
  4094 | D:5      | Reached skill level 6 in Unarmed Combat
  4322 | D:6      | Got an ichor-stained scale mail
  4349 | D:6      | Identified the +2 scale mail of Hide-and-Seek {MR+ Regen+ Dex+4} (You found it on level 6 of the Dungeon)
  4414 | D:6      | Found a shattered altar of Ashenzari.
  4438 | D:6      | Gained mutation: You have razor-sharp teeth. [Vine Stalker growth]
  4438 | D:6      | Reached XP level 8. HP: 42/42 MP: 7/9
  4504 | D:6      | Found a sand-covered staircase.
  4517 | Ossuary  | Entered an ossuary
  4541 | Ossuary  | Reached skill level 5 in Fighting
  4545 | Ossuary  | Reached ** piety under Makhleb
  4594 | Ossuary  | Reached skill level 5 in Shields
  4594 | Ossuary  | Reached skill level 7 in Unarmed Combat
  5327 | D:7      | Reached skill level 8 in Unarmed Combat
  5429 | D:7      | Reached XP level 9. HP: 36/48 MP: 7/10
  5488 | D:7      | Got a pitted chain mail
  5489 | D:7      | Identified the cursed +1 chain mail of Incorporation {rElec Dex+4} (You found it on level 7 of the Dungeon)
  5501 | D:7      | Noticed Menkaure
  5512 | D:7      | Killed Menkaure
  5512 | D:7      | Reached skill level 6 in Fighting
  5543 | D:7      | Reached skill level 6 in Shields
  5635 | D:7      | Found a bloodstained altar of Trog.
  5894 | D:8      | Reached *** piety under Makhleb
  5894 | D:8      | Reached skill level 9 in Unarmed Combat
  5967 | D:8      | Found an opulent altar of Gozag.
  6291 | D:8      | Noticed a hornet
  6297 | D:8      | Paralysed by a hornet for 3 turns
  6298 | D:8      | HP: 5/49 [hornet (10)]
  6299 | D:8      | Slain by a hornet

Vault maps used:
D:1:      dpeg_arrival_round_a, serial_curves, eino_curves_04, eino_curves_04,
          fountainhead, hex_large
D:2:      tso_oasis_becter, nicolae_overflow_hidden_temple,
          uniq_crazy_yiuf_cottage
D:3:      yredelemnul_altar_generic, old_standard_altar,
          gammafunk_temple_overflow_statue, minmay_checkerbox
D:4:      kennysheep_mini_moat, zin_statuary,
          minmay_temple_entry_statues_pillars, first_ration
D:5:      basic_altar
D:6:      chequers_ossuary_entry_cave, dk_noncrumbling_2, ashenzari_altar_1
D:7:      kennysheep_mini, the_bakery, uniq_menkaure
D:8:      nicolae_gozag_seed_capital, lemuel_old_faithful
Temple:   jpeg_temple_alley_garden
Ossuary:  ossuary_tomb_3

Skill      XL: |  1  2  3  4  5  6  7  8  9 |
---------------+----------------------------+-----
Fighting       | 3 4 5 6 |  6.7
Shields        | 3 4 5 6 |  6.6
Unarmed Combat | 3 4 5 6 8 9 |  9.7
Armour         | |  2.4

Action                   |  1- 3 |  4- 6 |  7- 9 || total
-------------------------+-------+-------+-------++-------
Melee: Unarmed           |   123 |   207 |   376 ||   706
       Bite              |    27 |    65 |   150 ||   242
  Use: Scroll            |       |     8 |     8 ||    16
  Eat: Chunk             |     2 |     4 |     9 ||    15
       Ration            |       |     1 |       ||     1
Armor: Scale mail        |    46 |    75 |   159 ||   280
Dodge: Dodged            |    26 |    54 |   112 ||   192
Block: Shield            |    44 |    94 |   196 ||   334

Table legend:
 A = Spawn XP
 B = Non-spawn XP
 C = Spawn XP percentage of total XP
 D = Spawn monster count
 E = Non-spawn monster count
 F = Spawn count percentage of total count
 G = Total turns spent on level
                    A         B        C        D         E        F      G
               +---------+---------+-------+---------+---------+-------+---------
         Total |       0 |    4304 |   0.0 |       0 |     192 |   0.0 |  6299
               +---------+---------+-------+---------+---------+-------+---------
           D:1 |       0 |      34 |   0.0 |       0 |      22 |   0.0 |   964
           D:2 |       0 |      54 |   0.0 |       0 |      12 |   0.0 |   923
           D:3 |       0 |     118 |   0.0 |       0 |      27 |   0.0 |   833
           D:4 |       0 |     249 |   0.0 |       0 |      13 |   0.0 |   825
           D:5 |       0 |     589 |   0.0 |       0 |      33 |   0.0 |   534
           D:6 |       0 |     654 |   0.0 |       0 |      19 |   0.0 |   731
           D:7 |       0 |    1169 |   0.0 |       0 |      25 |   0.0 |   620
           D:8 |       0 |    1281 |   0.0 |       0 |      25 |   0.0 |   443
       Ossuary |       0 |     156 |   0.0 |       0 |      16 |   0.0 |   212
               +---------+---------+-------+---------+---------+-------+---------

Vault maps used:
D:1:      dpeg_arrival_round_a, serial_curves, eino_curves_04, eino_curves_04,
          fountainhead, hex_large
D:2:      tso_oasis_becter, nicolae_overflow_hidden_temple,
          uniq_crazy_yiuf_cottage
D:3:      yredelemnul_altar_generic, old_standard_altar,
          gammafunk_temple_overflow_statue, minmay_checkerbox
D:4:      kennysheep_mini_moat, zin_statuary,
          minmay_temple_entry_statues_pillars, first_ration
D:5:      basic_altar
D:6:      chequers_ossuary_entry_cave, dk_noncrumbling_2, ashenzari_altar_1
D:7:      kennysheep_mini, the_bakery, uniq_menkaure
D:8:      nicolae_gozag_seed_capital, lemuel_old_faithful
Temple:   jpeg_temple_alley_garden
Ossuary:  ossuary_tomb_3

Table legend:
 A = Turns spent in this place as a percentage of turns spent in the entire game.
 B = Non-inter-level travel turns spent in this place as a percentage of non-inter-level travel turns spent in the entire game.
 C = Inter-level travel turns spent in this place as a percentage of turns spent in this place.
 D = Turns resting spent in this place as a percentage of non-inter-level travel turns spent in this place.
 E = Turns spent auto-exploring this place as a percentage of non-inter-level travel turns spent in this place.
 F = Non-inter-level travel turns spent in this place divided by the number of levels of this place that you've seen.
                   A       B       C       D       E      F
               +-------+-------+-------+-------+-------+----------------------
         Total | 100.0 | 100.0 |   5.3 |  14.3 |  60.8 | 596.5
       Dungeon |  93.2 |  93.5 |   5.0 |  15.0 |  60.0 | 697.1
        Temple |   3.4 |   3.0 |  17.8 |   0.0 |  99.4 | 176.0
       Ossuary |   3.4 |   3.6 |   0.0 |   6.6 |  48.1 | 212.0
               +-------+-------+-------+-------+-------+----------------------

Table legend:
 A = Kills in this place as a percentage of kills in entire the game.
 B = Kills by you in this place as a percentage of kills by you in the entire game.
 C = Kills by friends in this place as a percentage of kills by friends in the entire game.
 D = Other kills in this place as a percentage of other kills in the entire game.
 E = Experience gained in this place as a percentage of experience gained in the entire game.
 F = Experience gained in this place divided by the number of levels of this place that you have seen.
                   A       B       C       D       E      F
               +-------+-------+-------+-------+-------+----------------------
         Total | 100.0 | 100.0 | 100.0 |   N/A | 100.0 | 430.4
       Dungeon |  91.7 |  91.6 | 100.0 |   N/A |  96.4 | 518.5
       Ossuary |   8.3 |   8.4 |   0.0 |   N/A |   3.6 | 156.0
               +-------+-------+-------+-------+-------+----------------------
